 Dungeon Crawl Stone Soup version 0.29-a0-356-g7bc237e783 (webtiles) character file.

Game seed: 7270099130269902363

1639 spaghetti the Thrower (level 8, 0/91 HPs)
             Began as a Gnoll Wanderer on Apr 25, 2022.
             Was a Follower of Cheibriados.
             Killed by divine providence
             ... invoked by an orc priest
              (10 damage)
             ... on level 7 of the Dungeon.
             The game lasted 00:11:42 (7737 turns).

spaghetti the Thrower (Gnoll Wanderer)              Turns: 7737, Time: 00:11:42

Health: 0/91       AC: 28    Str: 11 (12) XL:     8   Next: 99%
Magic:  15/15      EV:  2    Int: 21      God:    Cheibriados [*.....]
Gold:   418        SH:  0    Dex: 13      Spells: 10/16 levels left

rFire   . . .      SeeInvis .   u - +2 dagger (pain) {short}
rCold   . . .      Faith    .   (no shield)
rNeg    . . .      Spirit   .   (body armour currently unavailable)
rPois   +          Reflect  .   (helmet currently unavailable)
rElec   .          Harm     .   (cloak currently unavailable)
rCorr   .          Rampage  .   (gloves currently unavailable)
Will    .....      NoTele   +   (boots currently unavailable)
Stlth   ++........              (no amulet)
HPRegen 0.25/turn               n - +4 ring of protection
MPRegen 0.14/turn               (no ring)

@: tree-form, invisible, very slow
A: stationary, stasis, torment immunity, boosted hp, (fangs 1), strong nose,
distributed training, (large bone plates 1)
a: Renounce Religion, Bend Time


You were on level 7 of the Dungeon.
You worshipped Cheibriados.
Cheibriados was aware of your devotion.
You were a tree.
You visited 2 branches of the dungeon, and saw 8 of its levels.

You collected 418 gold pieces.


Innate Abilities, Weirdness & Mutations

You are a tree.
Your roots penetrate the ground, keeping you stationary.
You cannot be teleported.
You are immune to unholy pain and torment.
Your maximum health is greatly increased.
Your equipment is partially melded.
((You have very sharp teeth.))
Your uncanny sense of smell can sniff out nearby items.
Your experience applies equally to all skills.
((You are partially covered in large bone plates. (SH +4)))


   Skills:
 + Level 4.6 Fighting
 + Level 3.7 Short Blades
 + Level 3.7 Long Blades
 + Level 3.7 Axes
 + Level 3.7 Maces & Flails
 + Level 3.7 Polearms
 + Level 3.7 Staves
 + Level 3.7 Slings
 + Level 3.7 Bows
 + Level 3.7 Crossbows
 + Level 9.3 Throwing
 + Level 3.7 Armour
 + Level 6.0 Dodging
 + Level 3.7 Stealth
 + Level 3.7 Shields
 + Level 3.7 Unarmed Combat
 + Level 4.7 Spellcasting
 + Level 3.1 Conjurations
 + Level 3.1 Hexes
 + Level 3.1 Summonings
 + Level 3.1 Necromancy
 + Level 3.1 Translocations
 + Level 3.1 Transmutations
 + Level 3.1 Fire Magic
 + Level 3.1 Ice Magic
 + Level 4.9 Air Magic
 + Level 3.1 Earth Magic
 + Level 3.1 Poison Magic
 + Level 4.1 Invocations
 + Level 3.7 Evocations


You had 10 spell levels left.
You knew the following spells:

 Your Spells              Type           Power      Damage    Failure   Level
a - Shock                 Conj/Air       84%        1d8       2%          1
b - Mephitic Cloud        Conj/Pois/Air  20%        N/A       8%          3
c - Sublimation of Blood  Necr           18%        N/A       4%          2

Your spell library contained the following spells:

 Spells                   Type           Power      Damage    Failure   Level
 Magic Dart               Conj           72%        1d6       3%          1
 Searing Ray              Conj           36%        2d5       4%          2
 Wereblood                Tmut           18%        N/A       4%          2
 Call Canine Familiar     Summ           18%        N/A       10%         3
 Frozen Ramparts          Ice            36%        1d5       10%         3
 Portal Projectile        Hex/Tloc       36%        N/A       10%         3
 Fulminant Prism          Conj/Hex       9%         3d7       30%         4
 Ice Form                 Ice/Tmut       18%        N/A       30%         4
 Leda's Liquefaction      Hex/Erth       9%         N/A       30%         4
 Summon Ice Beast         Ice/Summ       18%        N/A       30%         4
 Blade Hands              Tmut           9%         N/A       65%         5
 Excruciating Wounds      Necr           9%         N/A       65%         5
 Summon Hydra             Summ           9%         N/A       100%        7

Inventory:

Hand Weapons
 a - a +0 vorpal dagger {short}
 s - a +1 dagger of venom {short}
   (You took it off a goblin on level 2 of the Dungeon)
 t - a +2 dagger of speed {short}
   (You took it off a goblin on level 2 of the Dungeon)
 u - a +2 dagger of pain (weapon) {short}
   (You took it off a goblin on level 2 of the Dungeon)
 C - a +3 dagger {short}
   (You took it off a goblin on level 4 of the Dungeon)
Missiles
 b - 2 curare-tipped darts {=fthrowing}
 i - 199 stones (quivered) {throwing}
 w - 4 atropa-tipped darts {throwing}
 y - 2 boomerangs {throwing}
 D - 6 poisoned darts {throwing}
Armour
 e - a +0 robe (melded)
 v - a +2 helmet (melded)
   (You found it on level 3 of the Dungeon)
Jewellery
 n - a +4 ring of protection (left branch)
   (You found it on level 1 of the Dungeon)
Scrolls
 c - a scroll of vulnerability {!r!r}
 f - 6 scrolls of identify {unknown}
 g - 3 scrolls of torment {unknown}
 j - 3 scrolls of fog {unknown}
 m - 5 scrolls of teleportation {unknown}
 q - a scroll of magic mapping {unknown}
 r - a scroll of summoning {unknown}
 z - a scroll of enchant armour {unknown}
 B - a scroll of fear {unknown}
 F - a scroll of noise {unknown}
 H - a scroll of acquirement {unknown}
 I - 2 scrolls of enchant weapon {unknown}
Potions
 k - a potion of degeneration {!q@e2}
 p - a potion of mutation {!q}
 x - 3 potions of lignification {!q}
 A - 3 potions of flight {unknown}
 E - a potion of haste {unknown}
 G - a potion of resistance {unknown}

Dungeon Overview and Level Annotations

Branches:
Dungeon (7/15)             Temple (1/1) D:5

Altars:
Ashenzari
Cheibriados
Dithmenos
Elyvilon
Fedhas
Gozag
Hepliaklqana
Kikubaaqudgha
Makhleb
Nemelex Xobeh
Okawaru
Qazlal
Ru
Sif Muna
Trog
Uskayaw
Vehumet
Wu Jian
Xom
Yredelemnul
The Shining One

#. ## #.# ... #.#
.#.####.# ∆
...(((..#
.≈≈≈≈≈..######
.≈..(≈..!))))#..##
#.#
.≈.∩())$.###.#...#
#.# .≈.>.≈o♣##
#.##..# #.#
.≈≈≈≈≈o## #.##..#
#.# ....... #.##..#
#.#
#.###..#####.##..#
#.# #
##.......##..# #.#
######..##..#####.#
#..##.........
#.........>.>#
##.###........


You could see an orc priest and an orc (can't see you).


Message History

The orc warrior closely misses you.
The orc hits you with a +0 whip. 😕 HP[-1]
You take 1 damage, and now have 51/61 hp.
You hit the orc warrior.
The orc warrior writhes in agony.
Your bite misses the orc warrior. You block the orc's attack.
The orc warrior hits you with a +0 flail! 😮 HP[-11]
You take 11 damage, and now have 40/61 hp.
You hit the orc warrior but do no damage.
You bite the orc warrior, but do no damage.
The orc misses you.
You hit the orc warrior but do no damage.
The orc warrior writhes in agony.
Your punch misses the orc warrior. The orc warrior misses you.
You hit the orc warrior but do no damage.
The orc warrior writhes in agony.
The orc hits you but does no damage. 😮 HP[+1]
You barely miss the orc warrior. The orc hits you but does no damage.
The orc warrior hits you with a +0 flail. 😮 HP[-6]
You take 6 damage, and now have 35/61 hp.
You hit the orc warrior but do no damage.
You block the orc's attack.
You barely miss the orc warrior.
You bite the orc warrior, but do no damage.
The orc warrior hits you with a +0 flail.
* * * LOW HITPOINT WARNING * * *
The orc closely misses you. 😨 HP[-5]
You take 5 damage, and now have 30/61 hp.
You hit the orc warrior but do no damage.
The orc warrior writhes in agony.
The orc warrior hits you with a +0 flail!
* * * LOW HITPOINT WARNING * * *
😱 HP[-17]
You take 17 damage, and now have 13/61 hp.
MASSIVE DAMAGE!! (PAUSE) Unknown command.
Okay, then.
You hit the orc warrior but do no damage.
The orc warrior writhes in agony.
You kill the orc warrior!
Your Dodging skill increases to level 6!
You hit the orc priest but do no damage.
You bite the orc priest, but do no damage.
The orc hits you but does no damage.
The orc priest begins to cast a cantrip, but forgets the words! 😱 HP[+1]
You hit the orc priest but do no damage.
The orc hits you but does no damage.
The orc priest hits you with the +7 mace of Divetwah {freeze, rCorr MP+9 SInv}.
* * * LOW HITPOINT WARNING * * *
The orc priest freezes you.
* * * LOW HITPOINT WARNING * * *
😱 HP[-3]
You take 3 damage, and now have 11/61 hp.
You hit the orc priest but do no damage.
The orc priest writhes in agony.
Your bite misses the orc priest. You block the orc's attack.
The orc priest closely misses you.
You hit the orc priest but do no damage.
The orc hits you but does no damage. You block the orc priest's attack.
You hit the orc priest.
The orc priest writhes in agony.
You punch the orc priest, but do no damage.
You barely miss the orc priest. You block the orc's attack.
The orc priest closely misses you.
You feel better. The orc misses you. The orc priest misses you. 😨 HP[+6]
You regained 6 hp, and now have 17/61 hp.
You hit the orc priest. The orc closely misses you.
The orc priest calls down the wrath of Beogh upon you.
Beogh smites you!
* * * LOW HITPOINT WARNING * * *
😱 HP[-13]
You take 13 damage, and now have 4/61 hp.
MASSIVE DAMAGE!! (PAUSE)
You fade into invisibility!
The orc closely misses you. The orc priest barely misses you.
You feel better. The orc misses you.
The orc priest hits you with the +7 mace of Divetwah {freeze, rCorr MP+9 SInv}.
* * * LOW HITPOINT WARNING * * *
The orc priest freezes you.
* * * LOW HITPOINT WARNING * * *
😱 HP[+7]
You regained 7 hp, and now have 11/61 hp.
It was a potion of lignification.
You turn into a tree.
Your +2 helmet melds into your body.
Your +0 robe melds into your body.
Your roots penetrate the ground.
The orc hits you but does no damage.
The orc priest calls down the wrath of Beogh upon you.
Beogh smites you!
* * * LOW HITPOINT WARNING * * *
😱 HP[-2]
You now have 91 max hp (+30).
You hit the orc priest but do no damage.
The orc hits you but does no damage.
The orc priest hits you but does no damage.
You hit the orc priest but do no damage.
The orc hits you but does no damage.
The orc priest mumbles some strange prayers to Beogh against you.
Beogh smites you!
You die...

Skill      XL: |  1  2  3  4  5  6  7  8 |
---------------+-------------------------+-----
Invocations    | 1 2 3 4 |  4.1
Short Blades   | 1 2 3 |  3.7
Long Blades    | 1 2 3 |  3.7
Axes           | 1 2 3 |  3.7
Maces & Flails | 1 2 3 |  3.7
Polearms       | 1 2 3 |  3.7
Staves         | 1 2 3 |  3.7
Slings         | 1 2 3 |  3.7
Bows           | 1 2 3 |  3.7
Crossbows      | 1 2 3 |  3.7
Armour         | 1 2 3 |  3.7
Stealth        | 1 2 3 |  3.7
Shields        | 1 2 3 |  3.7
Unarmed Combat | 1 2 3 |  3.7
Spellcasting   | 3 4 |  4.7
Evocations     | 1 2 3 |  3.7
Conjurations   | 1 2 3 |  3.1
Hexes          | 1 2 3 |  3.1
Summonings     | 1 2 3 |  3.1
Necromancy     | 1 2 3 |  3.1
Translocations | 1 2 3 |  3.1
Transmutations | 1 2 3 |  3.1
Fire Magic     | 1 2 3 |  3.1
Ice Magic      | 1 2 3 |  3.1
Earth Magic    | 1 2 3 |  3.1
Poison Magic   | 1 2 3 |  3.1
Fighting       | 3 4 |  4.6
Air Magic      | 4 |  4.9
Dodging        | 5 6 |  6.0
Throwing       | 9 |  9.3

Action                   |  1- 3 |  4- 6 |  7- 9 || total
-------------------------+-------+-------+-------++-------
Melee: Dagger            |    33 |    85 |   295 ||   413
       Bite              |     3 |     7 |    35 ||    45
       Punch             |       |     2 |     5 ||     7
Throw: Dart              |     1 |       |     2 ||     3
       Stone             |       |       |    65 ||    65
 Cast: Shock             |    65 |    65 |    14 ||   144
       Mephitic Cloud    |       |       |     7 ||     7
  Use: Potion            |       |       |    13 ||    13
 Stab: Confused          |       |       |     1 ||     1
Armor: Robe              |    14 |    28 |   100 ||   142
       Skin              |       |       |     4 ||     4
Dodge: Dodged            |    21 |    50 |   213 ||   284
Block: Other             |       |       |    26 ||    26

Levels and vault maps discovered:
D:1:      saegor_arrival_fortress, layout_basic, dreamdust_mushroom_princess
D:2:      minmay_angry_zag, layout_basic, feat_on_display
D:3:      layout_loops_corners
D:4:      layout_rooms, kennysheep_boxes
D:5:      layout_basic, minmay_temple_entry_offerings, grunt_ministairs_3
D:6:      layout_cave_pools
D:7:      layout_loops_ring, enter_bailey_5, due_unseen_surprise
Temple:   kilobyte_greek_temple

Notes
Turn   | Place    | Note
-------+----------+-------------------------------------------
     0 | D:1      | spaghetti the Gnoll Wanderer began the quest for the Orb.
     0 | D:1      | spaghetti set off with the following items: a +0 vorpal
                  | dagger {short}, 4 curare-tipped darts {=fthrowing}, a
                  | scroll of vulnerability {!r!r}, a potion of curing {@q1}, a
                  | +0 robe; and the following spell memorised: Shock; and the
                  | following spells available to memorise: Mephitic Cloud
     0 | D:1      | Reached XP level 1. HP: 17/17 MP: 4/4
     0 | D:1      | magus.rc [v1.9.6]
   194 | D:1      | Reached XP level 2. HP: 23/23 MP: 3/5
   386 | D:1      | You pick up a book of the Hunter and begin reading...
   386 | D:1      | You add the spells Call Canine Familiar, Portal Projectile
                  | and Leda's Liquefaction to your library.
  1372 | D:2      | Reached XP level 3. HP: 28/28 MP: 5/7
  1647 | D:2      | You pick up a book of Conjurations {@e2} and begin
                  | reading...
  1647 | D:2      | You add the spells Magic Dart, Searing Ray and Fulminant
                  | Prism to your library.
  1673 | D:2      | Learned a level 3 spell: Mephitic Cloud
  1700 | D:2      | Reached skill level 1 in Invocations
  1975 | D:2      | Reached skill level 1 in Short Blades
  1975 | D:2      | Reached skill level 1 in Long Blades
  1975 | D:2      | Reached skill level 1 in Axes
  1975 | D:2      | Reached skill level 1 in Maces & Flails
  1975 | D:2      | Reached skill level 1 in Polearms
  1975 | D:2      | Reached skill level 1 in Staves
  1975 | D:2      | Reached skill level 1 in Slings
  1975 | D:2      | Reached skill level 1 in Bows
  1975 | D:2      | Reached skill level 1 in Crossbows
  1975 | D:2      | Reached skill level 1 in Armour
  1975 | D:2      | Reached skill level 1 in Stealth
  1975 | D:2      | Reached skill level 1 in Shields
  1975 | D:2      | Reached skill level 1 in Unarmed Combat
  1975 | D:2      | Reached skill level 3 in Spellcasting
  1975 | D:2      | Reached skill level 1 in Evocations
  1975 | D:2      | Reached XP level 4. HP: 23/34 MP: 4/8
  2083 | D:2      | You pick up a book of Blood and begin reading...
  2083 | D:2      | You add the spells Sublimation of Blood, Wereblood and
                  | Summon Hydra to your library.
  2102 | D:2      | Learned a level 2 spell: Sublimation of Blood
  2924 | D:3      | Reached skill level 1 in Conjurations
  2924 | D:3      | Reached skill level 1 in Hexes
  2924 | D:3      | Reached skill level 1 in Summonings
  2924 | D:3      | Reached skill level 1 in Necromancy
  2924 | D:3      | Reached skill level 1 in Translocations
  2924 | D:3      | Reached skill level 1 in Transmutations
  2924 | D:3      | Reached skill level 1 in Fire Magic
  2924 | D:3      | Reached skill level 1 in Ice Magic
  2924 | D:3      | Reached skill level 1 in Earth Magic
  2924 | D:3      | Reached skill level 1 in Poison Magic
  3212 | D:4      | Noticed a black bear
  3224 | D:4      | Killed a black bear
  3225 | D:4      | Reached skill level 3 in Fighting
  3225 | D:4      | Reached skill level 4 in Air Magic
  3225 | D:4      | Reached XP level 5. HP: 29/41 MP: 4/9
  3498 | D:4      | Reached skill level 2 in Invocations
  3498 | D:4      | Reached XP level 6. HP: 41/47 MP: 6/11
  3641 | D:4      | Reached skill level 5 in Dodging
  3737 | D:4      | Reached skill level 2 in Short Blades
  3737 | D:4      | Reached skill level 2 in Long Blades
  3737 | D:4      | Reached skill level 2 in Axes
  3737 | D:4      | Reached skill level 2 in Maces & Flails
  3737 | D:4      | Reached skill level 2 in Polearms
  3737 | D:4      | Reached skill level 2 in Staves
  3737 | D:4      | Reached skill level 2 in Slings
  3737 | D:4      | Reached skill level 2 in Bows
  3737 | D:4      | Reached skill level 2 in Crossbows
  3737 | D:4      | Reached skill level 2 in Armour
  3737 | D:4      | Reached skill level 2 in Stealth
  3737 | D:4      | Reached skill level 2 in Shields
  3737 | D:4      | Reached skill level 2 in Unarmed Combat
  3737 | D:4      | Reached skill level 2 in Evocations
  4301 | D:5      | Entered Level 5 of the Dungeon
  4333 | D:5      | Reached XP level 7. HP: 44/52 MP: 10/12
  4526 | D:5      | You pick up a book of Weapons and begin reading...
  4526 | D:5      | You add the spells Excruciating Wounds and Blade Hands to
                  | your library.
  4585 | D:5      | Reached skill level 2 in Conjurations
  4585 | D:5      | Reached skill level 2 in Hexes
  4585 | D:5      | Reached skill level 2 in Summonings
  4585 | D:5      | Reached skill level 2 in Necromancy
  4585 | D:5      | Reached skill level 2 in Translocations
  4585 | D:5      | Reached skill level 2 in Transmutations
  4585 | D:5      | Reached skill level 2 in Fire Magic
  4585 | D:5      | Reached skill level 2 in Ice Magic
  4585 | D:5      | Reached skill level 2 in Earth Magic
  4585 | D:5      | Reached skill level 2 in Poison Magic
  4855 | D:5      | Found a staircase to the Ecumenical Temple.
  4862 | D:5      | You pick up a book of Rime and begin reading...
  4862 | D:5      | You add the spells Frozen Ramparts, Ice Form and Summon Ice
                  | Beast to your library.
  4865 | Temple   | Entered the Ecumenical Temple
  4916 | Temple   | Became a worshipper of Cheibriados the Contemplative
  5308 | D:5      | HP: 11/52 [black bear (6)]
  5313 | D:5      | Reached skill level 9 in Throwing
  5761 | D:6      | Reached skill level 3 in Invocations
  5909 | D:6      | Reached skill level 4 in Spellcasting
  6191 | D:6      | Reached XP level 8. HP: 52/60 MP: 14/14
  6213 | D:6      | Reached skill level 4 in Fighting
  6213 | D:6      | Reached skill level 3 in Short Blades
  6213 | D:6      | Reached skill level 3 in Long Blades
  6213 | D:6      | Reached skill level 3 in Axes
  6213 | D:6      | Reached skill level 3 in Maces & Flails
  6213 | D:6      | Reached skill level 3 in Polearms
  6213 | D:6      | Reached skill level 3 in Staves
  6213 | D:6      | Reached skill level 3 in Slings
  6213 | D:6      | Reached skill level 3 in Bows
  6213 | D:6      | Reached skill level 3 in Crossbows
  6213 | D:6      | Reached skill level 3 in Armour
  6213 | D:6      | Reached skill level 3 in Stealth
  6213 | D:6      | Reached skill level 3 in Shields
  6213 | D:6      | Reached skill level 3 in Unarmed Combat
  6213 | D:6      | Reached skill level 3 in Evocations
  6896 | D:6      | Gained mutation: You are partially covered in large bone
                  | plates. (SH +4) [potion of mutation]
  7154 | D:6      | Reached * piety under Cheibriados
  7209 | D:7      | HP: 22/90 [black bear (7)]
  7580 | D:7      | Reached skill level 3 in Conjurations
  7580 | D:7      | Reached skill level 3 in Hexes
  7580 | D:7      | Reached skill level 3 in Summonings
  7580 | D:7      | Reached skill level 3 in Necromancy
  7580 | D:7      | Reached skill level 3 in Translocations
  7580 | D:7      | Reached skill level 3 in Transmutations
  7580 | D:7      | Reached skill level 3 in Fire Magic
  7580 | D:7      | Reached skill level 3 in Ice Magic
  7580 | D:7      | Reached skill level 3 in Earth Magic
  7580 | D:7      | Reached skill level 3 in Poison Magic
  7580 | D:7      | Reached skill level 4 in Invocations
  7711 | D:7      | Identified the +7 mace of Divetwah {freeze, rCorr MP+9
                  | SInv}
  7723 | D:7      | HP: 13/61 [orc warrior/+0 flail (17)]
  7725 | D:7      | Reached skill level 6 in Dodging
  7732 | D:7      | HP: 4/61 [orc priest/divine providence (13)]
  7737 | D:7      | Killed from afar by an orc priest

Vanquished Creatures
  A water moccasin (D:6)
  2 orc warriors (D:7)
  An ice beast (D:6)
  3 black bears
  A centaur (D:6)
  A kobold brigand (D:7)
  A bullfrog (D:6)
  A necrophage (D:4)
  2 scorpions
  A howler monkey (D:5)
  7 hounds
  A jelly (D:4)
  2 orc priests
  5 iguanas
  An orc wizard (D:6)
  3 adders
  A shadow imp (D:6)
  A white imp (D:5)
  An ufetubus (D:6)
  2 dart slugs
  6 orcs
  8 ball pythons
  4 endoplasms
  11 goblins
  4 hobgoblins
  14 kobolds
  7 bats
  3 frilled lizards
  4 rats
99 creatures vanquished.

Vanquished Creatures (others)
  55 plants (D:4)
55 creatures vanquished.

Grand Total: 154 creatures vanquished

Table legend:
 A = Non-vault XP
 B = Vault XP
 C = Vault XP percentage of total XP
 D = Non-vault monster count
 E = Vault monster count
 F = Vault count percentage of total count
                 A         B        C        D         E       F
            +---------+---------+-------+---------+---------+-------
      Total |    2199 |     143 |   6.1 |      89 |      10 |  10.1
            +---------+---------+-------+---------+---------+-------
        D:1 |      29 |       0 |   0.0 |      17 |       0 |   0.0
        D:2 |      37 |      52 |  58.4 |      16 |       5 |  23.8
        D:3 |      10 |       0 |   0.0 |       6 |       0 |   0.0
        D:4 |     435 |       0 |   0.0 |      14 |       0 |   0.0
        D:5 |     369 |      85 |  18.7 |       7 |       2 |  22.2
        D:6 |     782 |       0 |   0.0 |      17 |       0 |   0.0
        D:7 |     537 |       6 |   1.1 |      12 |       3 |  20.0
            +---------+---------+-------+---------+---------+-------

Illustrated notes

Table legend:
 A = Kills in this place as a percentage of kills in entire the game.
 B = Kills by you in this place as a percentage of kills by you in the entire game.
 C = Kills by friends in this place as a percentage of kills by friends in the entire game.
 D = Other kills in this place as a percentage of other kills in the entire game.
 E = Experience gained in this place as a percentage of experience gained in the entire game.
 F = Experience gained in this place divided by the number of levels of this place that you have seen.
                   A       B       C       D       E      F
               +-------+-------+-------+-------+-------+----------------------
         Total | 100.0 | 100.0 |   N/A |   N/A | 100.0 | 292.8
       Dungeon | 100.0 | 100.0 |   N/A |   N/A | 100.0 | 334.6
               +-------+-------+-------+-------+-------+----------------------

Table legend: (Time is in decaauts)
 A = Elapsed time spent in this place.
 B = Non-inter-level travel time spent in this place.
 C = Inter-level travel time spent in this place.
 D = Time resting spent in this place.
 E = Time spent auto-exploring this place.
 F = Levels seen in this place.
 G = Mean time per level.
                   A        B        C        D        E       F      G
               +--------+--------+--------+--------+--------+-----+--------+
         Total |   8014 |   7846 |    168 |    757 |   6181 |   8 | 1001.8 |
       Dungeon |   7922 |   7795 |    127 |    757 |   6147 |   7 | 1131.7 |
        Temple |     92 |     52 |     40 |      0 |     34 |   1 |   92.0 |
               +--------+--------+--------+--------+--------+-----+--------+

Top non-repeatable levels by time:
     D:6: 1790 daAuts
     D:5: 1469 daAuts
     D:1: 1196 daAuts
     D:2: 1124 daAuts
     D:4: 1094 daAuts
     D:3: 872 daAuts
     D:7: 374 daAuts
  Temple: 92 daAuts
